Map: Noc zainfekowanych

Players

dydig

  • Race: Zerg Zerg

Legol

  • Race: Terran Terran
  • League: Gold

VOD

Have the link to the VOD?

Description

Time

  • Played on: Jan. 4, 2020, 2:09 p.m.
  • Length: 31:54
Show
View Real Time Build Order
Export as new Build Order

dydig Zerg 

Build Orders:  

Get SALT Encoding   

  12  0:03  Infested SCV  
  13  0:11  Infested SCV  
  13  0:18  Infested SCV  
  15  0:31  Overlord  
  15  0:43  Infested Refinery  
  15  0:50  Infested Refinery  
  15  0:56  Infested Refinery  
  15  1:02  Infested SCV  
  15  1:08  Infested SCV  
  17  1:12  Infested SCV  
  18  1:29  Infested SCV  
  19  1:51  Infested Barracks  
  19  1:55  Infested SCV  
  19  1:56  Infested SCV  
  21  2:17  Infested SCV, Infested Engineering Bay  
  22  2:26  Infested SCV  
  23  2:48  Infested Engineering Bay  
  23  2:50  Overlord  
  23  3:18  Infested Barracks, Infested Barracks Tech Lab  
  23  3:21  Anaerobic Enhancement  
  23  3:24  Infested SCV x2  
  25  3:30  Overlord  
  25  3:50  Stukov Infantry Weapons Level 1  
  25  3:53  Stukov Infantry Armor Level 1  
  25  3:56  Infested SCV  
  26  4:12  Infested Marine x2  
  26  4:13  Infested Marine x4  
  26  4:14  Infested Marine x2  
  25  4:45  Infested SCV  
  25  4:46  Infested SCV x2  
  27  5:12  Infested SCV x2  
  29  5:22  Infested Factory  
  29  5:28  Retinal Augmentation  
  28  5:49  Infested SCV x2  
  25  6:18  Infested SCV  
  25  6:19  Infested SCV  
  27  6:26  Infested Factory Tech Lab  
  27  6:39  Infested SCV  
  28  6:43  Stukov Infantry Weapons Level 2  
  28  6:44  Stukov Infantry Armor Level 2  
  28  7:07  Infested Siege Tank  
  27  7:16  Automated Mitosis  
  23  7:24  Infested Marine x2  
  23  7:25  Infested Marine x4  
  23  7:27  Infested Marine  
  24  7:59  Infested SCV x2  
  25  8:10  Infested SCV  
  26  9:06  Infested Siege Tank  
  23  9:11  Infestation Level 1  
  23  9:35  Overseer  
  23  9:42  Infested Siege Tank  
  26  10:05  Infested SCV x4  
  26  10:06  Infested SCV  
  31  10:36  Infested SCV  
  31  10:37  Infested SCV  
  33  10:59  Infested SCV  
  34  11:18  Infested SCV  
  35  11:20  Infested Armory  
  35  11:54  Infested SCV x2  
  37  12:02  Infested SCV  
  38  12:19  Overseer  
  38  12:28  Infested Marine  
  39  12:33  Overlord x2  
  38  13:12  Infested Marine x2  
  38  13:13  Infested Marine x4  
  38  13:14  Infested Marine x3  
  38  13:15  Infested Marine  
  48  13:32  Infestation Level 2  
  48  13:37  Stukov Infantry Weapons Level 3, Stukov Infantry Armor Level 3  
  48  13:42  Infested Marine x5  
  48  13:43  Infested Marine  
  48  13:44  Infested SCV  
  48  13:49  Aggressive Incubation  
  55  14:10  Infested Barracks  
  55  14:15  Infested SCV x4  
  55  14:16  Infested SCV  
  51  14:21  Stukov Vehicle and Ship Armor Level 1  
  44  14:36  Infested Marine x4  
  44  14:37  Infested Marine x4  
  44  14:38  Infested Marine x2  
  46  15:14  Infested Barracks  
  46  15:15  Infested Marine x4  
  46  15:16  Infested Marine x4  
  46  15:17  Infested Marine x2  
  54  15:25  Overlord  
  54  15:26  Overlord x3  
  54  15:39  Infested Marine  
  55  15:46  Overlord  
  51  16:18  Infested Barracks  
  51  16:26  Overlord x2  
  51  16:27  Overlord  
  51  16:29  Infested Marine x3  
  54  16:30  Infested Marine x4  
  54  16:31  Infested Marine x4  
  54  16:32  Infested Marine x4  
  54  16:33  Infested Marine x5  
  54  16:34  Infested Marine x4  
  54  16:35  Infested Marine x2  
  77  16:47  Infested Marine x2  
  70  17:04  Overlord x2  
  70  17:06  Infested Marine  
  70  17:07  Infested Marine x4  
  70  17:08  Infested Marine x4  
  70  17:09  Infested Marine x4  
  78  18:13  Infested Siege Tank x5  
  69  18:42  Infestation Level 3  
  56  19:00  Infested Marine  
  56  19:01  Infested Marine x4  
  56  19:02  Infested Marine x4  
  65  19:33  Infested Marine x2  
  65  19:34  Infested Marine x4  
  65  19:35  Infested Marine x4  
  65  19:36  Infested Marine x5  
  65  19:37  Infested Marine x4  
  65  19:38  Infested Marine x4  
  65  19:39  Infested Marine x5  
  93  19:40  Infested Marine x4  
  93  19:41  Infested Marine x3  
  99  20:07  Overlord  
  99  20:08  Overlord x4  
  98  20:28  Infested Marine x2  
  98  20:29  Infested Marine x4  
  100  20:30  Infested Marine x4  
  100  20:31  Infested Marine x3  
  100  20:32  Infested Marine x5  
  100  20:33  Infested Marine  
  95  20:59  Infested Marine  
  96  21:00  Infested Marine x4  
  96  21:01  Infested Marine x4  
  96  21:02  Infested Marine x4  
  96  21:03  Infested Marine x4  
  96  21:04  Infested Marine x2  
  96  21:05  Infested Marine  
  96  21:06  Infested Marine  
  96  21:08  Infested Marine  
  96  21:09  Infested Marine  
  118  21:11  Infested Marine  
  118  21:12  Infested Marine  
  118  21:13  Infested Marine  
  118  21:16  Infested Marine  
  118  21:17  Infested Marine  
  118  21:19  Infested Marine  
  107  21:20  Infested Marine  
  107  21:22  Infested Marine  
  107  21:23  Infested Marine  
  107  21:25  Infested Marine  
  107  21:31  Infested Marine  
  107  21:32  Infested Marine x4  
  107  21:34  Infested Marine  
  107  21:36  Infested Marine  
  107  21:37  Infested Marine  
  107  21:39  Infested Marine  
  116  21:40  Infested Marine  
  116  21:42  Infested Marine  
  91  22:28  Infested Marine  
  91  22:29  Infested Marine x3  
  93  22:30  Infested Marine x4  
  93  22:31  Infested Marine x4  
  93  22:32  Infested Marine x4  
  93  22:33  Infested Marine x3  
  88  23:06  Infested Marine  
  88  23:07  Infested Marine x5  
  88  23:08  Infested Marine x5  
  88  23:09  Infested Marine x5  
  101  23:10  Infested Marine x4  
  101  23:11  Infested Marine x5  
  101  23:12  Infested Marine x4  
  101  23:13  Infested Marine x4  
  101  23:14  Infested Marine x4  
  101  23:15  Infested Marine  
  101  23:16  Infested Marine  
  88  24:05  Infested Marine  
  88  24:06  Infested Marine x4  
  88  24:07  Infested Marine x4  
  88  24:08  Infested Marine x5  
  88  24:09  Infested Marine x4  
  101  24:10  Infested Marine  
  102  24:36  Infested Marine  
  102  24:37  Infested Marine x4  
  102  24:38  Infested Marine x5  
  102  24:39  Infested Marine x4  
  116  24:40  Infested Marine x5  
  116  24:41  Infested Marine x4  
  116  24:42  Infested Marine x5  
  116  24:43  Infested Marine x4  
  116  24:44  Infested Marine x4  
  110  25:28  Infested Marine  
  110  25:29  Infested Marine x4  
  115  25:30  Infested Marine x4  
  115  25:31  Infested Marine x4  
  115  25:32  Infested Marine x4  
  115  25:33  Infested Marine x4  
  115  25:34  Infested Marine x4  
  115  25:35  Infested Marine x4  
  115  25:36  Infested Marine x2  
  114  26:03  Infested Marine x3  
  114  26:04  Infested Marine x4  
  114  26:05  Infested Marine x4  
  114  26:06  Infested Marine x4  
  114  26:07  Infested Marine x4  
  114  26:08  Infested Marine  
  114  26:09  Infested Marine  
  129  26:10  Infested Marine  
  129  26:12  Infested Marine  
  129  26:14  Infested Marine  
  94  26:35  Infested Marine x4  
  94  26:36  Infested Marine x4  
  94  26:37  Infested Marine x5  
  94  26:38  Infested Marine x2  
  91  26:40  Infested Marine  
  91  26:45  Infested Marine  
  91  26:46  Infested Marine x3  
  91  26:47  Infested Marine  
  76  26:50  Infested Marine  
  57  27:25  Infested Marine x2  
  57  27:26  Infested Marine x4  
  57  27:27  Infested Marine x5  
  57  27:28  Infested Marine x4  
  57  27:29  Infested Marine x4  
  65  27:30  Infested Marine x4  
  65  27:31  Infested Marine x2  
  65  27:32  Infested Marine  
  65  27:33  Infested Marine  
  65  27:35  Infested Marine  
  65  27:37  Infested Marine  
  65  27:38  Infested Marine  
  47  28:22  Infested Marine x2  
  47  28:23  Infested Marine x4  
  47  28:24  Infested Marine x4  
  47  28:25  Infested Marine x4  
  47  28:26  Infested Marine x3  
  57  28:31  Infested Marine  
Show
View Real Time Build Order
Export as new Build Order

Legol Terran 

Build Orders:  

Get SALT Encoding   

  12  0:03  SCV  
  13  0:20  SCV  
  14  0:34  Refinery  
  14  0:37  SCV  
  15  0:54  SCV  
  16  1:11  SCV  
  16  1:13  Engineering Bay  
  17  1:24  Gunslingers Hideout  
  17  1:28  SCV  
  18  1:45  SCV  
  18  1:48  Refinery  
  19  2:01  SCV  
  20  2:11  Muscle Armory  
  20  2:16  Outlaw Weapons Level 1  
  20  2:18  SCV  
  21  2:35  SCV  
  22  2:52  SCV  
  22  2:55  Engineering Bay  
  23  3:01  Tychus  
  23  3:09  SCV  
  24  3:26  SCV  
  25  3:43  SCV  
  26  3:52  James Sirius Sykes  
  36  4:00  SCV  
  37  4:17  SCV  
  34  4:34  SCV  
  29  4:51  SCV  
  30  5:08  SCV  
  31  5:25  SCV  
  31  5:27  Outlaw Weapons Level 2  
  31  5:28  Outlaw Life and Armor Level 1  
  32  5:42  SCV  
  33  5:59  SCV  
  34  6:14  Fixers Safehouse  
  34  6:16  SCV  
  35  6:32  SCV  
  36  6:49  SCV  
  37  6:53  Medivac Platform  
  37  6:55  Medivac Platform  
  37  7:06  SCV  
  34  7:23  SCV  
  35  7:40  SCV  
  35  7:46  Outlaw Life and Armor Level 2  
  36  7:57  SCV  
  37  8:20  SCV  
  38  8:37  SCV  
  39  8:53  Lt Layna Nikara  
  39  8:54  SCV  
  50  9:10  SCV  
  50  9:12  Refinery  
  51  9:27  SCV  
  52  9:44  SCV  
  43  10:01  SCV  
  44  10:18  SCV  
  55  10:35  SCV  
  55  10:39  Auto-Turret  
  56  10:40  Auto-Turret  
  56  10:43  Auto-Turret  
  56  10:49  Auto-Turret  
  56  10:52  SCV  
  57  11:09  SCV  
  58  11:19  Outlaw Weapons Level 3, Outlaw Life and Armor Level 3  
  58  11:26  SCV  
  59  12:02  Miles Blaze Lewis  
  69  12:36  KD9a Implosion Core  
  69  13:04  Auto-Turret  
  69  13:06  Auto-Turret  
  69  14:04  Flashforce GDM Visor  
  69  14:05  Outlaw Weapons Level 4  
  69  15:19  Rob Cannonball Boswell  
  79  15:55  High Capacity Containers  
  79  15:57  Vanadium Shell  
  79  16:47  Engineering Bay  
  79  16:48  X-71 Impact Boots, Engineering Bay  
  79  16:55  Kel-Morian Ripper Rounds  
  79  18:07  Outlaw Life and Armor Level 4, Outlaw Weapons Level 5  
  79  18:10  ITC-E Triggers  
  79  20:34  Refinery  
  79  20:37  Endurance Supplements  
  79  21:11  SCV  
  80  21:21  SureShot Networked Helmet  
  80  21:23  Hades Oil  
  80  21:25  Umojan Repair Nanites  
  80  21:28  SCV  
  81  21:35  Outlaw Life and Armor Level 5  
  81  21:45  SCV  
  82  22:02  SCV  
  83  22:19  SCV  
  84  23:02  Big Red Button  
  84  23:06  SA-55 Thunderbolt Missiles, D99 Detonator  
  84  24:24  Moebius M34 Terror Rounds  
  84  24:26  Wildflame Fuel Additives  
  84  24:27  Critical Response System  
  84  25:30  Redline Power Cells  
  84  25:36  Procyon Serum  
  84  26:55  XCMC-670 Combat Suit  
  84  29:26  MALICE Ammunition  
  81  30:32  Refinery  
  81  30:46  Auto-Turret  
  81  30:47  Auto-Turret  
  81  30:48  Auto-Turret  
  81  30:49  Auto-Turret  
  81  30:50  Auto-Turret  
  81  30:52  Auto-Turret x2  
  81  30:53  Auto-Turret x4  
  81  30:55  Auto-Turret x2  
  81  30:57  Auto-Turret  
Tags
 
Add a new tag
Caveats
  • Supply blocks, unpowered buildings, or Contaminate may cause inaccurate times.
  • Supply counts are checked every 10 seconds.